 Dungeon Crawl Stone Soup version 0.25-a0-365-g7600c65aa0 (webtiles) character file.

Game seed: 10319061065392436637, levelgen mode: deterministic

824 ANON1729 the Covert (level 7, 0/54 HPs)
             Began as a Vampire Assassin on Jan 5, 2020.
             Was an Initiate of Okawaru.
             Killed by divine providence
             ... invoked by an orc priest
              (13 damage)
             ... on level 5 of the Dungeon.
             The game lasted 00:07:04 (4221 turns).

ANON1729 the Covert (Vampire Assassin)              Turns: 4221, Time: 00:07:04

Health: 0/54       AC:  6    Str: 10    XL:     7   Next: 64%
Magic:  7/7        EV: 15    Int: 13    God:    Okawaru [......]
Gold:   351        SH:  0    Dex: 18    Spells: 6/6 levels left

rFire    . . .     SeeInvis +   t - +3 dagger (venom)
rCold    . . .     Gourm    .   (no shield)
rNeg     . . .     Faith    .   b - +0 robe
rPois    .         Spirit   .   (no helmet)
rElec    .         Reflect  .   c - +0 cloak
rCorr    .         Harm     .   (no gloves)
MR       .....                  (no boots)
Stlth    ++++......             (no amulet)
HPRegen  0.38/turn              m - ring of flight
MPRegen  0.10/turn              r - +3 ring of protection

@: lethally poisoned (0 -> 0), regenerating quickly
A: no food, fangs 3, see invisible, unbreathing
a: Exsanguinate, Renounce Religion, Evoke Flight


You were on level 5 of the Dungeon.
You worshipped Okawaru.
Okawaru was noncommittal.
You were alive.

You visited 2 branches of the dungeon, and saw 6 of its levels.

You collected 351 gold pieces.

Inventory:

Hand Weapons
 t - a +3 dagger of venom (weapon)
 A - the +11 hand axe "Mybudas" {chop, +Inv Str+2}
   (You found it on level 4 of the Dungeon)

   It inflicts extra damage upon your enemies.
   It affects your strength (+2).
   It lets you turn invisible.
Missiles
 d - 46 poisoned darts (quivered)
 E - 2 curare-tipped darts
Armour
 b - a +0 robe (worn)
 c - a +0 cloak (worn)
Jewellery
 m - a ring of flight (left hand)
 r - a +3 ring of protection (right hand)
Wands
 e - a wand of paralysis (3)
 C - a wand of iceblast (11)
Scrolls
 g - 5 scrolls of enchant weapon {unknown}
 i - 4 scrolls of identify {unknown}
 l - 2 scrolls of amnesia {unknown}
 o - 5 scrolls of teleportation {unknown}
 p - a scroll of immolation {unknown}
 v - a scroll of enchant armour {unknown}
 w - a scroll of fog {unknown}
 x - a scroll of random uselessness {unknown}
 y - a scroll of remove curse {unknown}
 B - a scroll of fear {unknown}
 D - a scroll of blinking {unknown}
Potions
 a - 2 potions of curing
 f - a potion of might {unknown}
 h - a potion of mutation {unknown}
 j - a potion of brilliance {unknown}
 k - 2 potions of heal wounds {unknown}
 n - a potion of berserk rage {unknown}
 q - 3 potions of agility {unknown}
 s - 2 potions of flight {unknown}
 u - a potion of haste {unknown}
 z - a potion of resistance {unknown}


   Skills:
 + Level 4.0 Fighting
 + Level 4.7 Short Blades
 - Level 3.0 Throwing
 + Level 4.4 Dodging
 + Level 8.6 Stealth


You had 6 spell levels left.
You didn't know any spells.
Your spell library was empty.

Dungeon Overview and Level Annotations

Branches:
Dungeon (5/15)             Temple (1/1) D:4

Altars:
Ashenzari
Cheibriados
Fedhas
Gozag
Hepliaklqana
Kikubaaqudgha
Okawaru
Qazlal
Ru
Sif Muna
Trog
Uskayaw
Vehumet
Wu Jian
Xom
Zin


Innate Abilities, Weirdness & Mutations

You do not eat.
Your natural rate of healing is unusually fast.
You have razor-sharp teeth.
You have supernaturally acute eyesight. (SInv)
You can survive without breathing.


Message History

You are too injured to fight recklessly!
You are too injured to fight recklessly!
You are too injured to fight recklessly!
You are too injured to fight recklessly!
You are too injured to fight recklessly!
You are too injured to fight recklessly!
The gnoll barely misses you.
You feel sick.
An orc priest comes into view. It is wielding a +0 flail.
The orc wizard mumbles some strange words.
The orc wizard flickers and vanishes for a moment.
You hit the orc.
The orc is poisoned.
The orc is moderately wounded.
You feel sick.
The gnoll hits you from afar with a +0 halberd!
* * * LOW HITPOINT WARNING * * *
The orc closely misses you.
The orc priest mumbles some strange prayers to Beogh against you.
Beogh smites you!
You die...

## ...# ...... ##.
...# .....## #...
#..##....?..
.#...##..#........
>. ..........
....... .#
.....oo#.##.......
.. #o...g#..........
.. #....o.........#
.. ##...#@.#..##..#
..
####..##..##..#.##
..
.......[.###.....#
......##.###.....##
8#.
./....###..##......#
...
.....##....#......#
...
.............##...#
8# .
.#..#...##.###...#
##.. ##
##..#..####..#


You could see an orc priest, an orc wizard (invisible), a gnoll and 2 orcs.

Vanquished Creatures
  An ogre (D:5)
  2 scorpions (D:5)
  A howler monkey (D:5)
  A gnoll shaman (D:5)
  A hound (D:4)
  An orc wizard (D:4)
  Terence (D:3)
  2 worker ants (D:4)
  Natasha (thrice) (D:2)
  2 hound skeletons (D:3)
  5 adders
  15 gnolls
  A howler monkey skeleton (D:5)
  An ooze (D:1)
  An adder skeleton (D:4)
  2 worms
  5 dart slugs
  3 leopard geckos
  13 orcs
  A ball python (D:2)
  10 bats
  8 giant cockroaches
  13 goblins
  8 hobgoblins
  7 jackals
  4 quokkas
  6 frilled lizards
  A giant cockroach zombie (D:3)
  A jackal zombie (D:3)
  7 kobolds
  A quokka zombie (D:3)
  5 rats
133 creatures vanquished.

Notes
Turn   | Place    | Note
-------+----------+-------------------------------------------
     0 | D:1      | ANON1729 the Vampire Assassin began the quest for the Orb.
     0 | D:1      | Reached XP level 1. HP: 16/16 MP: 1/1
    77 | D:1      | Reached skill level 6 in Stealth
    90 | D:1      | Reached XP level 2. HP: 20/22 MP: 2/2
   438 | D:1      | Reached XP level 3. HP: 27/27 MP: 3/3
   842 | D:2      | Found an iron altar of Okawaru.
  1029 | D:2      | Noticed Natasha
  1036 | D:2      | Killed Natasha
  1036 | D:2      | Reached XP level 4. HP: 34/34 MP: 4/4
  1049 | D:2      | Found an ancient bone altar of Kikubaaqudgha.
  1258 | D:2      | Reached XP level 5. HP: 38/39 MP: 5/5
  1448 | D:2      | Noticed Natasha
  1455 | D:2      | Killed Natasha
  1672 | D:2      | Found a bloodstained altar of Trog.
  1823 | D:3      | Reached skill level 7 in Stealth
  1997 | D:3      | Noticed Terence
  2004 | D:3      | Killed Terence
  2176 | D:3      | Reached XP level 6. HP: 47/47 MP: 6/6
  2483 | D:3      | Found a blossoming altar of Fedhas.
  2728 | D:4      | Found a staircase to the Ecumenical Temple.
  2747 | Temple   | Entered the Ecumenical Temple
  3152 | D:2      | Noticed Natasha
  3171 | D:2      | Killed Natasha
  3175 | D:2      | Became a worshipper of Warmaster Okawaru
  3590 | D:4      | Got a steaming hand axe
  3825 | D:4      | Identified the +11 hand axe "Mybudas" {chop, +Inv Str+2}
                  | (You found it on level 4 of the Dungeon)
  3851 | D:5      | Entered Level 5 of the Dungeon
  3859 | D:5      | Reached skill level 8 in Stealth
  3859 | D:5      | Reached XP level 7. HP: 52/52 MP: 7/7
  4221 | D:5      | Killed from afar by an orc priest

Levels and vault maps discovered:
D:1:      eino_arrival_tree_alley, layout_loops_corners
D:2:      kennysheep_six_static_rooms, layout_basic, overflow_temple_1_default,
          kiku_gazebo_pond_becter, lemuel_doored_altar, minmay_misc_feat_room,
          minmay_tromino_v4_b, uniq_natasha
D:3:      layout_loops_corners, serial_undead, serial_undead_a, serial_undead_d,
          serial_undead_a, serial_undead_c, first_ration, fedhas_altar_4,
          uniq_terence
D:4:      layout_gridville, minmay_temple_entry_junction, st_stairs_14
D:5:      layout_cave_pools, elyvilon_altar_3, st_stairs_6, uniq_duvessa,
          uniq_pikel
Temple:   nicolae_temple_figure_eight

Skill      XL: |  1  2  3  4  5  6  7 |
---------------+----------------------+-----
Stealth        | 6 7 8 |  8.6
Fighting       | 2 3 4 |  4.0
Throwing       | 2 3 |  3.0
Dodging        | 2 3 4 |  4.4
Short Blades   | 3 4 |  4.7

Action                   |  1- 3 |  4- 6 |  7- 9 || total
-------------------------+-------+-------+-------++-------
Melee: Dagger            |   113 |   209 |    67 ||   389
       Bite              |    10 |    21 |    10 ||    41
       Hand axe          |       |     1 |       ||     1
Throw: Dart              |       |       |     4 ||     4
 Stab: Sleeping          |    13 |    24 |       ||    37
Armor: Robe              |    29 |    51 |    16 ||    96
Dodge: Dodged            |    52 |   131 |    56 ||   239

Table legend:
 A = Non-vault XP
 B = Vault XP
 C = Vault XP percentage of total XP
 D = Non-vault monster count
 E = Vault monster count
 F = Vault count percentage of total count
                 A         B        C        D         E       F
            +---------+---------+-------+---------+---------+-------
      Total |    1007 |     171 |  14.5 |     115 |      18 |  13.5
            +---------+---------+-------+---------+---------+-------
        D:1 |      59 |       0 |   0.0 |      28 |       0 |   0.0
        D:2 |     193 |      48 |  19.9 |      29 |       9 |  23.7
        D:3 |     116 |      78 |  40.2 |      21 |       6 |  22.2
        D:4 |     184 |      43 |  18.9 |      17 |       2 |  10.5
        D:5 |     455 |       2 |   0.4 |      20 |       1 |   4.8
            +---------+---------+-------+---------+---------+-------
